3A
BELLEVUE BRUINS @ HOGSMEADE CAULDRONS
09/11/2024
 
TOP OF THE 1ST
Bellevue Bruins batting - Pitching for Hogsmeade Cauldrons : RHP Marv Bradford
Pitching: RHP Marv Bradford
Batting: RHB Luis Ríos 0-0: Ground out 1-3 (Groundball, 13)
Batting: LHB José Barrón 0-0: Called Strike
0-1: Foul Ball, location: 2F
0-2: Ball
1-2: Ball
2-2: Strikes out looking
Batting: LHB Chia-ch'ing Dodman 0-0: Called Strike
0-1: Swinging Strike
0-2: Strikes out swinging
Top of the 1st over - 0 run(s), 0 hit(s), 0 error(s), 0 left on base; Bellevue 0 - Hogsmeade 0
BOTTOM OF THE 1ST
Hogsmeade Cauldrons batting - Pitching for Bellevue Bruins : RHP Tye Collyer
Pitching: RHP Tye Collyer
Batting: LHB David Breitling 0-0: Ball
1-0: Ground out 1-3 (Groundball, 13S)
Batting: SHB Salvador Trevino 0-0: Swinging Strike
0-1: Called Strike
0-2: Ball
1-2: Fly out, F6 (Popup, 6)
Batting: SHB Lupo Cotto 0-0: Ball
1-0: Swinging Strike
1-1: Swinging Strike
1-2: Foul Ball, location: 2F
1-2: Strikes out looking
Bottom of the 1st over - 0 run(s), 0 hit(s), 0 error(s), 0 left on base; Bellevue 0 - Hogsmeade 0
TOP OF THE 2ND
Bellevue Bruins batting - Pitching for Hogsmeade Cauldrons : RHP Marv Bradford
Batting: LHB Jim Schlossnagle 0-0: Ball
1-0: Foul Ball, location: 2F
1-1: Ball
2-1: Ball
3-1: Reached on error, E4 (Groundball, 4)
Batting: SHB Jesús Rodríguez 0-0: Called Strike
0-1: Foul Ball, location: 2F
0-2: Strikes out swinging
Batting: RHB Leo Shoemaker 0-0: Ball
1-0: Foul Ball, location: 2F
1-1: Ball
2-1: Foul Ball, location: 2F
2-2: Foul Ball, location: 2F
2-2: Fly out, F8 (Flyball, 8LM)
Batting: RHB Nick Hoskins 0-0: Called Strike
Jim Schlossnagle steals 2nd base
0-1: Ball
1-1: Ball
2-1: Foul Ball, location: 2F
2-2: Strikes out swinging
Top of the 2nd over - 0 run(s), 0 hit(s), 1 error(s), 1 left on base; Bellevue 0 - Hogsmeade 0
BOTTOM OF THE 2ND
Hogsmeade Cauldrons batting - Pitching for Bellevue Bruins : RHP Tye Collyer
Batting: RHB Gonzalo Ángel 0-0: Ball
1-0: Swinging Strike
1-1: Called Strike
1-2: Strikes out looking
Batting: RHB Santiago Mosca 0-0: Ball
1-0: Ball
2-0: Called Strike
2-1: Ball
3-1: Foul Ball, location: 2F
3-2: Base on Balls
Batting: LHB Jorge García 0-0: Ball
Throwing error on steal attempt, E2
Santiago Mosca to third
1-0: Foul Ball, location: 2F
1-1: SINGLE (Line Drive, 4M)
Santiago Mosca scores
Batting: LHB Tyler Knopp 0-0: Called Strike
0-1: Ball
1-1: Foul Ball, location: 2F
1-2: Foul Ball, location: 2F
1-2: Strikes out swinging
Batting: RHB Jorge Ramos 0-0: Ground out 4-3 (Groundball, 4)
Bottom of the 2nd over - 1 run(s), 1 hit(s), 1 error(s), 1 left on base; Bellevue 0 - Hogsmeade 1
TOP OF THE 3RD
Bellevue Bruins batting - Pitching for Hogsmeade Cauldrons : RHP Marv Bradford
Batting: SHB Ramón García 0-0: Ball
1-0: Called Strike
1-1: Ball
2-1: Fly out, F3 (Line Drive, 3L)
Batting: SHB Manny Flores 0-0: Swinging Strike
0-1: Ball
1-1: Called Strike
1-2: Foul Ball, location: 2F
1-2: Ball
2-2: Strikes out swinging
Batting: RHB Luis Ríos 0-0: Called Strike
0-1: Swinging Strike
0-2: Fly out, F9 (Flyball, 89M)
Top of the 3rd over - 0 run(s), 0 hit(s), 0 error(s), 0 left on base; Bellevue 0 - Hogsmeade 1
BOTTOM OF THE 3RD
Hogsmeade Cauldrons batting - Pitching for Bellevue Bruins : RHP Tye Collyer
Batting: LHB Ignacio Medine 0-0: Ball
1-0: Ball
2-0: Called Strike
2-1: DOUBLE (Flyball, 78D)
Batting: LHB David Breitling 0-0: Ball
1-0: Ball
2-0: Ball
3-0: Swinging Strike
3-1: Base on Balls
Batting: SHB Salvador Trevino 0-0: Ball
1-0: Grounds into double play, 5-4-3 (Groundball, 56)
Ignacio Medine to third
Batting: SHB Lupo Cotto 0-0: Ball
1-0: SINGLE (Groundball, 34D)
Ignacio Medine scores
Batting: RHB Gonzalo Ángel 0-0: Ball
1-0: Called Strike
1-1: Called Strike
1-2: Strikes out swinging
Bottom of the 3rd over - 1 run(s), 2 hit(s), 0 error(s), 1 left on base; Bellevue 0 - Hogsmeade 2
TOP OF THE 4TH
Bellevue Bruins batting - Pitching for Hogsmeade Cauldrons : RHP Marv Bradford
Batting: LHB José Barrón 0-0: Called Strike
0-1: Ball
1-1: Ground out 6-3 (Groundball, 6M)
Batting: LHB Chia-ch'ing Dodman 0-0: Ball
1-0: Ground out 4-3 (Groundball, 4)
Batting: LHB Jim Schlossnagle 0-0: Called Strike
0-1: Swinging Strike
0-2: Ground out 1-3 (Groundball, 13S)
Top of the 4th over - 0 run(s), 0 hit(s), 0 error(s), 0 left on base; Bellevue 0 - Hogsmeade 2
BOTTOM OF THE 4TH
Hogsmeade Cauldrons batting - Pitching for Bellevue Bruins : RHP Tye Collyer
Batting: RHB Santiago Mosca 0-0: Ground out 4-3 (Groundball, 4)
Batting: LHB Jorge García 0-0: Fly out, F8 (Flyball, 8LM)
Batting: LHB Tyler Knopp 0-0: Foul Ball, location: 2F
0-1: Fly out, F4 (Popup, 4MD)
Bottom of the 4th over - 0 run(s), 0 hit(s), 0 error(s), 0 left on base; Bellevue 0 - Hogsmeade 2
TOP OF THE 5TH
Bellevue Bruins batting - Pitching for Hogsmeade Cauldrons : RHP Marv Bradford
Batting: SHB Jesús Rodríguez 0-0: Swinging Strike
0-1: Ball
1-1: Foul Ball, location: 2F
1-2: Ball
2-2: Foul Ball, location: 2F
2-2: Strikes out swinging
Batting: RHB Leo Shoemaker 0-0: Called Strike
0-1: Bunt for hit - play at first, batter safe!
Batting: RHB Nick Hoskins 0-0: Called Strike
0-1: Called Strike
0-2: Ball
1-2: Strikes out swinging
Batting: SHB Ramón García 0-0: Ball
1-0: Ground out 4-3 (Groundball, 34)
Top of the 5th over - 0 run(s), 1 hit(s), 0 error(s), 1 left on base; Bellevue 0 - Hogsmeade 2
BOTTOM OF THE 5TH
Hogsmeade Cauldrons batting - Pitching for Bellevue Bruins : RHP Tye Collyer
Batting: RHB Jorge Ramos 0-0: Ball
1-0: Swinging Strike
1-1: Foul Ball, location: 2F
1-2: SINGLE (Flyball, 9LM)
Batting: LHB Ignacio Medine 0-0: Ball
1-0: Bunt missed!
1-1: Sac Bunt - play at first, batter OUT! 1-4
Jorge Ramos to second
Batting: LHB David Breitling 0-0: Ball
1-0: Ground out 4-3 (Groundball, 4)
Jorge Ramos to third
Batting: SHB Salvador Trevino 0-0: Ball
1-0: DOUBLE (Flyball, 7D)
Jorge Ramos scores
Batting: SHB Lupo Cotto 0-0: Swinging Strike
0-1: Ball
1-1: Ball
2-1: Foul Ball, location: 2F
2-2: Strikes out looking
Bottom of the 5th over - 1 run(s), 2 hit(s), 0 error(s), 1 left on base; Bellevue 0 - Hogsmeade 3
TOP OF THE 6TH
Bellevue Bruins batting - Pitching for Hogsmeade Cauldrons : RHP Marv Bradford
Batting: SHB Manny Flores 0-0: Foul Ball, location: 2F
0-1: Bunt for hit - play at first, batter OUT! 1-3
Batting: RHB Luis Ríos 0-0: Ball
1-0: Called Strike
1-1: Ball
2-1: Fly out, F7 (Line Drive, 78M)
Batting: LHB José Barrón 0-0: Foul Ball, location: 2F
0-1: Foul Ball, location: 2F
0-2: Fly out, F5 (Popup, 25F)
Top of the 6th over - 0 run(s), 0 hit(s), 0 error(s), 0 left on base; Bellevue 0 - Hogsmeade 3
BOTTOM OF THE 6TH
Hogsmeade Cauldrons batting - Pitching for Bellevue Bruins : RHP Tye Collyer
Batting: RHB Gonzalo Ángel 0-0: Ball
1-0: Called Strike
1-1: Called Strike
1-2: Ball
2-2: Ball
3-2: SINGLE (Line Drive, 8RS)
Batting: RHB Santiago Mosca 0-0: Swinging Strike
0-1: Fly out, F8 (Popup, 4D)
Batting: LHB Jorge García 0-0: Called Strike
0-1: Called Strike
0-2: Fly out, F8 (Flyball, 8LS)
Batting: LHB Tyler Knopp 0-0: Ball
1-0: Ground out 6-3 (Groundball, 6)
Bottom of the 6th over - 0 run(s), 1 hit(s), 0 error(s), 1 left on base; Bellevue 0 - Hogsmeade 3
TOP OF THE 7TH
Bellevue Bruins batting - Pitching for Hogsmeade Cauldrons : RHP Marv Bradford
Batting: LHB Chia-ch'ing Dodman 0-0: Called Strike
0-1: Ball
1-1: Swinging Strike
1-2: Ball
2-2: Ground out 6-3 (Groundball, 6M)
Batting: LHB Jim Schlossnagle 0-0: Called Strike
0-1: Foul Ball, location: 2F
0-2: Ball
1-2: Foul Ball, location: 2F
1-2: Fly out, F4 (Line Drive, 4)
Batting: SHB Jesús Rodríguez 0-0: SINGLE (Line Drive, 8LS)
Batting: RHB Leo Shoemaker 0-0: Ball
1-0: Foul Ball, location: 2F
1-1: Foul Ball, location: 2F
1-2: Strikes out looking
Top of the 7th over - 0 run(s), 1 hit(s), 0 error(s), 1 left on base; Bellevue 0 - Hogsmeade 3
BOTTOM OF THE 7TH
Hogsmeade Cauldrons batting - Pitching for Bellevue Bruins : RHP Tye Collyer
Pitching: RHP Will Moore
Batting: RHB Jorge Ramos 0-0: Ball
1-0: Ball
2-0: Ball
3-0: Called Strike
3-1: Called Strike
3-2: Strikes out swinging
Batting: LHB Ignacio Medine 0-0: Ball
1-0: Ground out 4-3 (Groundball, 4M)
Batting: LHB David Breitling 0-0: Ball
1-0: Swinging Strike
1-1: Ground out 3-1 (Groundball, 3L)
Bottom of the 7th over - 0 run(s), 0 hit(s), 0 error(s), 0 left on base; Bellevue 0 - Hogsmeade 3
TOP OF THE 8TH
Bellevue Bruins batting - Pitching for Hogsmeade Cauldrons : RHP Marv Bradford
Batting: RHB Nick Hoskins 0-0: Foul Ball, location: 2F
0-1: Called Strike
0-2: Fly out, F7 (Flyball, 78M)
Batting: SHB Ramón García 0-0: Ball
1-0: SINGLE (Groundball, 34D)
Pitching: RHP Lorenzo Valverde
Batting: SHB Manny Flores 0-0: Grounds into double play, U6-3 (Groundball, 6M)
Top of the 8th over - 0 run(s), 1 hit(s), 0 error(s), 0 left on base; Bellevue 0 - Hogsmeade 3
BOTTOM OF THE 8TH
Hogsmeade Cauldrons batting - Pitching for Bellevue Bruins : RHP Will Moore
Batting: SHB Salvador Trevino 0-0: Ball
1-0: Called Strike
1-1: Swinging Strike
1-2: Strikes out swinging
Batting: SHB Lupo Cotto 0-0: Ball
1-0: Called Strike
1-1: Ball
2-1: Ground out 1-3 (Groundball, 13)
Batting: RHB Gonzalo Ángel 0-0: Ground out 6-3 (Groundball, 6M)
Bottom of the 8th over - 0 run(s), 0 hit(s), 0 error(s), 0 left on base; Bellevue 0 - Hogsmeade 3
TOP OF THE 9TH
Bellevue Bruins batting - Pitching for Hogsmeade Cauldrons : RHP Lorenzo Valverde
Pitching: RHP Kelly Henry
Batting: RHB Luis Ríos 0-0: Called Strike
0-1: Fly out, F4 (Popup, 34D)
Batting: LHB José Barrón 0-0: Ball
1-0: Fly out, F7 (Flyball, 78M)
Batting: LHB Chia-ch'ing Dodman 0-0: Ball
1-0: Foul Ball, location: 2F
1-1: Swinging Strike
1-2: Foul Ball, location: 2F
1-2: Ball
2-2: Ball
3-2: Fly out, F9 (Line Drive, 89D)
Top of the 9th over - 0 run(s), 0 hit(s), 0 error(s), 0 left on base; Bellevue 0 - Hogsmeade 3
This league is powered by Out of the Park Baseball, the baseball management simulation game for PC, Mac and Linux
Monday, October 3rd, 2016 - OOTP Baseball 16.9 Build 39